Map: Ever Dream LE

Players

Neeb - Winner!

  • Race: Protoss Protoss
  • Spawn Location: 7:00

Creature

  • Race: Protoss Protoss
  • Spawn Location: 1:00

Event: DreamHack SC2 Masters 2020 Summer North America

VOD

Have the link to the VOD?

Description

Time

  • Played on: July 2, 2020, 3:45 p.m.
  • Length: 6:25

All games in this series

Show
View Real Time Build Order
Export as new Build Order

Neeb Protoss - Winner!

Build Orders: Oracle Opening 

Get SALT Encoding   

  12  0:00  Probe  
  13  0:12  Probe  
  14  0:17  Pylon  
  14  0:24  Probe  
  15  0:32  Probe  
  15  0:37  Gateway  
  15  0:40  Probe  
  16  0:47  Assimilator  
  17  0:51  Probe  
  17  0:54  Assimilator  
  18  1:00  Probe  
  19  1:08  Probe  
  19  1:09  Gateway  
  19  1:17  Probe  
  20  1:24  Cybernetics Core  
  21  1:29  Probe  
  22  1:35  Pylon  
  22  1:41  Probe  
  23  2:00  Stalker x2, Warp Gate  
  27  2:06  Gateway  
  28  2:27  Stargate  
  28  2:28  Pylon  
  28  2:31  Adept  
  28  2:34  Adept  
  31  2:45  Probe  
  31  2:50  Shield Battery  
  31  2:57  Probe  
  32  3:00  Oracle  
  32  3:09  Probe  
  36  3:19  Pylon  
  36  3:27  Nexus  
  36  3:37  Oracle  
  39  3:50  Pylon  
  39  3:57  Pylon  
  39  4:00  Pylon  
  39  4:05  Probe  
  40  4:10  Sentry x2  
  40  4:14  Probe  
  44  4:18  Shield Battery  
  44  4:23  Probe  
  45  4:29  Robotics Facility  
  46  4:35  Probe  
  47  4:39  Shield Battery  
  46  4:52  Probe x2  
  42  5:00  Probe x2  
  42  5:02  Forge  
  44  5:08  Sentry, Probe  
  44  5:09  Sentry, Probe  
  44  5:12  Immortal  
  47  5:20  Probe  
  48  5:23  Probe  
  53  5:32  Probe  
  53  5:35  Probe  
  55  5:41  Stalker x2, Shield Battery  
  59  5:49  Shield Battery  
  61  6:05  Probe x2  
Show
View Real Time Build Order
Export as new Build Order

Creature Protoss 

Build Orders:  

Get SALT Encoding   

  12  0:00  Probe  
  13  0:13  Probe  
  14  0:17  Pylon  
  14  0:25  Probe  
  15  0:34  Probe  
  15  0:37  Gateway  
  15  0:42  Probe  
  16  0:47  Assimilator  
  17  0:51  Probe  
  17  0:55  Assimilator  
  18  1:00  Probe  
  19  1:08  Probe  
  19  1:14  Gateway  
  19  1:18  Probe  
  20  1:25  Cybernetics Core  
  21  1:30  Probe  
  22  1:35  Pylon  
  22  1:42  Probe  
  23  1:55  Probe  
  24  2:02  Stalker x2  
  24  2:03  Warp Gate  
  28  2:14  Pylon  
  28  2:21  Probe  
  29  2:33  Stalker  
  31  2:47  Nexus  
  31  2:50  Sentry  
  33  2:54  Probe  
  34  3:02  Pylon  
  34  3:07  Probe  
  35  3:13  Robotics Facility  
  35  3:20  Probe  
  35  3:22  Shield Battery  
  36  3:33  Probe  
  37  3:38  Shield Battery  
  37  3:45  Shield Battery  
  37  3:46  Probe  
  38  3:54  Adept x2  
  42  3:57  Observer  
  42  3:58  Probe  
  42  4:00  Probe  
  45  4:10  Probe  
  45  4:13  Probe  
  47  4:19  Stalker  
  47  4:20  Immortal  
  47  4:22  Probe  
  54  4:25  Probe  
  54  4:30  Pylon  
  55  4:34  Probe  
  55  4:37  Probe  
  55  4:46  Stalker, Probe  
  55  4:49  Probe  
  44  4:58  Probe  
  40  5:02  Probe  
  40  5:04  Pylon  
  40  5:18  Stalker  
  40  5:19  Stalker  
  44  5:36  Stalker x2  
  44  5:59  Adept x2  
  44  6:00  Probe  
  45  6:07  Probe  
  48  6:12  Probe  
Tags
 
Add a new tag
Caveats
  • Supply blocks, unpowered buildings, or Contaminate may cause inaccurate times.
  • Supply counts are checked every 10 seconds.